Match 47480808
Unlisted

Match 47480808
End
Construct Weapon Support Center
Selects Advanced Infantry Battlegroup
M1919 Machine Gun Team
Bazooka Squad
M1919 Machine Gun Team
Infantry Support Center
Construct Barracks
Riflemen Squad
M3 Armored Personnel Carrier
M3 Armored Personnel Carrier
Selects Convert to Ranger Squad
Engineer Squad
Selects Frontline Medical Station
Frontline Medical Station
Selects Ammunition Storage
Riflemen Squad
Advanced Logistics
Munitions Surplus
Convert to Ranger Squad
Improved M9 Bazooka Rockets
็็็็็็็็็็
NEMESIS
bobik
CommieRed
Thank You Chef
Kray-Tos
0
0

Comments sign in to comment!

No comments posted yet!